Description

2 Base Tank push with a proxy factory and starport that hits at around 4:50. Potential for a macro or all-in follow up.

VOD

https://www.youtube.com/watch?v=jX1WnHW11ak&t=300s

Build Order

Why is there no SALT encoding or Overwolf build?

  14    Supply Depot  
  16    Barracks  
  16    Refinery  
  18    Action  Send 19th SCV to check for natural then go to proxy
  19    Marine  
  20    Orbital Command  
  20    Command Center  
  20    Barracks Reactor  
  21    Supply Depot  
  22    Factory  At proxy
  23    Refinery  
  23    Marine x2  Non-stop marine production from barracks
  29    Orbital Command  
  30    Starport  At proxy
  30    Factory Tech Lab  
    3:15  Supply Depot, Siege Tank  
    3:35  Medivac  
    3:50   Supply Depot, Siege Tank  
  50    Supply Depot  Non-stop depot production now on
    4:10  Action  Attack once medivac finishes with 11 marines and 2 SCVS
    4:20  Siege Tank  
    4:25  Viking  
    4:55  Siege Tank  
    5:00  Command Center  
    5:10  Barracks x2  
    5:20  Action, Refinery x2  Fly back factory and starport
Spawning Tool Build Advisor. Get it on Overwolf

Analysis

Prioritize units over SCVs. Attack at around 4:10 once medivac finishes or you have 11 marines. Bring 2 SCVs + proxy SCV to repair tanks and build bunkers. Attacks should hit at 4:50 with 2 tanks, one medivac, and 11-13 marines. Use medivac to transport tanks. Bunker at natural is pretty much required on rampless maps because if Protoss sends across a stalker or two they will kill all of your marines and your push will suck.

Go to:

Details

  • Created by: wokenwolf
  • Published on: May 18, 2025
  • Modified on: May 23, 2025
  • Patch: 5.0.11
  • Difficulty: Medium
Show

Export as new Build Order

Comments (1)

On May 20, 2025, 4:08 a.m., Mr_Siegelmayr  said:

Create an account to comment!